[Event "BL 2016-17"]
[Site "St. Veit/Glan"]
[Date "2017.03.24"]
[Round "6"]
[White "Dragnev, Valentin"]
[Black "Naumann, Alexander"]
[Result "1/2-1/2"]
[ECO "C07"]
[WhiteElo "2520"]
[BlackElo "2568"]
[Annotator "TA RC"]
[PlyCount "77"]
[EventDate "2017.??.??"]
[EventType "team-tourn"]
[EventCountry "AUT"]
[SourceTitle "playchess.com"]
[Source "ChessBase"]
[SourceQuality "1"]
[WhiteTeam "Wien-SK Ottakring"]
[BlackTeam "Maria Saal"]
[TimeControl "40/5400+30:1800+30"]

1. e4 e6 (1... c5 2. Nf3 e6 3. c3 d5 4. e5 Nc6 5. d4 Qb6 6. a3 Nh6 7. b4 cxd4 8. cxd4 Nf5 9. Be3 f6 10. exf6 gxf6 11. Nc3 Nxe3 12. fxe3 Bh6 13. e4 dxe4 14. Nxe4 O-O 15. Bc4 Kh8 16. Qd3 f5 17. Nc5 Bg7 {1-0 (58) Savchenko,B (2599)-Vitiugov,N (2738) Wroclaw 2014}) 2. d4 d5 3. Nd2 $146 (3. e5 c5 4. c3 Qb6 5. Nf3 Nc6 6. a3 Nge7 7. b4 cxd4 8. cxd4 Nf5 9. Be3 f6 10. exf6 gxf6 11. Bd3 Nxe3 12. fxe3 Bh6 13. O-O O-O 14. Qe1 Ne7 15. Nc3 Kh8 16. Qh4 Ng8 17. e4 dxe4 18. Nxe4 {0-1 (53) Zherebukh,Y (2637)-Rombaldoni,A (2528) Las Vegas 2015}) 3... c5 4. exd5 Qxd5 5. Ngf3 cxd4 6. Bc4 Qd6 7. O-O Nf6 8. Nb3 Nc6 9. Nbxd4 Nxd4 10. Qxd4 Qxd4 11. Nxd4 Bd7 12. Bf4 Rc8 13. Bb3 Bc5 14. Nf3 Ke7 15. Ne5 Rhd8 16. Nxd7 Rxd7 17. Rae1 h6 18. Re2 b5 19. c3 Nd5 20. Bc1 b4 21. Rd1 Rcd8 22. Rxd5 Rxd5 23. Bxd5 Rxd5 24. Bd2 bxc3 25. Bxc3 g5 26. Kf1 f5 27. Rd2 Kd6 28. Ke2 g4 29. f3 gxf3+ 30. gxf3 h5 31. h3 e5 32. b3 e4 33. fxe4 fxe4 34. Rxd5+ Kxd5 35. Bf6 a6 36. Bc3 Bb6 37. Bf6 Bc5 38. Bc3 Bb6 39. Bf6 1/2-1/2